 Dungeon Crawl Stone Soup version 0.25-a0-667-gb977e01cb5 (webtiles) character file.

Game seed: 684811520938725223, levelgen mode: deterministic

39876 Esekla the Cleaver (level 13, -1/168 HPs)
             Began as a Deep Dwarf Abyssal Knight on Mar 27, 2020.
             Was the Champion of Lugonu.
             Slain by Rupert
             ... wielding a +1 great mace of protection
              (13 damage)
             ... on level 12 of the Dungeon on Mar 28, 2020.
             The game lasted 04:40:30 (20409 turns).

Esekla the Cleaver (Deep Dwarf Abyssal Knight)     Turns: 20409, Time: 04:40:31

Health: -1/168     AC: 13    Str: 25    XL:     13   Next: 71%
Magic:  16/17 (8)  EV: 14    Int: 14    God:    Lugonu [******]
Gold:   1718       SH:  0    Dex: 15    Spells: 4/23 levels left

rFire    + . .     SeeInvis .   U - +1 battleaxe (vamp)
rCold    . . .     Gourm    .   (shield currently unavailable)
rNeg     . . .     Faith    .   u - +5 ring mail {rF+}
rPois    +         Spirit   .   m - +2 hat
rElec    .         Reflect  .   (no cloak)
rCorr    .         Harm     .   (no gloves)
MR       +....                  (no boots)
Stlth    ..........             X - amulet "Toaproext" {+Rage +Fly Str+4}
HPRegen  0.00/turn              b - ring of poison resistance
MPRegen  0.15/turn              a - ring of magical power

@: mighty, berserking, non-regenerating, very quick
A: damage resistance, heal wounds, agile 1, sense surroundings 2, strong 1, no
regeneration
a: Heal Wounds, Depart the Abyss, Bend Space, Banish, Corrupt, Enter the Abyss,
Renounce Religion, Evoke Berserk Rage, Evoke Flight


You were on level 12 of the Dungeon.
You worshipped Lugonu.
Lugonu was exalted by your worship.
You were not hungry.

You visited 3 branches of the dungeon, and saw 16 of its levels.
You visited the Abyss 2 times.

You collected 2084 gold pieces.
You spent 366 gold pieces at shops.

Inventory:

Hand Weapons
 d - a +3 battleaxe of distortion
 e - a +1 war axe of electrocution
 f - a +8 long sword
 p - a +2 dagger of protection
 s - a +1 spear
 v - a +2 vampiric short sword
 L - a +2 rapier of protection
 U - a +1 vampiric battleaxe (weapon)
Missiles
 E - 11 poisoned darts (quivered)
 F - 5 curare-tipped darts
 T - 6 javelins
 Z - 7 silver boomerangs
Armour
 j - a +1 buckler
 m - a +2 hat (worn)
 u - a +5 ring mail of fire resistance (worn)
 I - the +8 chain mail of Failure {rElec}
   (You took it off an orc on level 3 of the Dungeon)

   It insulates you from electricity.
 J - a +2 leather armour of cold resistance
 K - a +3 chain mail of poison resistance
 P - a +1 robe of the Archmagi
 Q - a +1 leather armour of poison resistance
Jewellery
 a - a ring of magical power (right hand)
 b - a ring of poison resistance (left hand)
 w - an uncursed ring of ice
 B - an uncursed ring of resist corrosion
 X - the amulet "Toaproext" (around neck) {+Rage +Fly Str+4}
   (You found it on level 11 of the Dungeon)

   [amulet of rage]

   It affects your strength (+4).
   It lets you fly.
   It lets you go berserk.
Wands
 h - a wand of random effects (20)
 q - a wand of flame (12)
 H - a wand of acid (3)
 O - a wand of paralysis (9)
 W - a wand of enslavement (10)
 Y - a wand of polymorph (5)
Scrolls
 g - 7 scrolls of remove curse
 k - 5 scrolls of teleportation
 n - 2 scrolls of magic mapping
 r - 5 scrolls of amnesia
 t - 2 scrolls of fear
 x - a scroll of identify
 M - a scroll of holy word
 N - a scroll of silence
Potions
 i - 2 potions of stabbing
 l - a potion of lignification
 o - 2 potions of brilliance
 y - 7 potions of curing
 C - a potion of might
 G - 4 potions of resistance
 R - a potion of cancellation
 S - a potion of flight {unknown}
Miscellaneous
 z - a lamp of fire (inert)
Comestibles
 c - 20 rations


   Skills:
 + Level 6.4 Fighting
 + Level 9.0 Short Blades
 * Level 0.3(6.1) Long Blades
 * Level 9.8(10.1) Axes
 - Level 3.1(6.1) Polearms
 + Level 2.8 Throwing
 + Level 6.3 Armour
 + Level 5.3 Dodging
 + Level 5.2 Stealth
 + Level 3.8 Shields
 * Level 5.7 Spellcasting
 * Level 5.4 Conjurations
 * Level 1.3 Summonings
 * Level 6.2 Necromancy
 + Level 5.4 Translocations
 * Level 5.1 Fire Magic
 * Level 5.0 Air Magic
 * Level 4.9 Poison Magic
 + Level 3.4 Invocations
 + Level 0.3 Evocations


You had 4 spell levels left.
You knew the following spells:

 Your Spells              Type           Power        Failure   Level  Hunger
b - Blink                 Tloc           N/A          3%          2    ##.....
c - Mephitic Cloud        Conj/Pois/Air  ###.....     9%          3    ###....
d - Vampiric Draining     Necr           ###.......   5%          3    ###....
f - Conjure Flame         Conj/Fire      ###.....     9%          3    ###....
s - Summon Lightning Spi  Summ/Air       ##......     54%         4    ####...
y - Sticky Flame          Conj/Fire      ###.....     26%         4    ####...

Your spell library contained the following spells:

 Spells                   Type           Power        Failure   Level  Hunger
 Animate Skeleton         Necr           N/A          1%          1    None
 Pain                     Necr           ###.         1%          1    None
 Foxfire                  Conj/Fire      ###.         2%          1    None
 Magic Dart               Conj           ###.         2%          1    None
 Summon Small Mammal      Summ           #...         14%         1    None
 Animate Dead             Necr           N/A          19%         4    ####...
 Call Imp                 Summ           #.......     21%         2    ##.....
 Inner Flame              Hex/Fire       ##......     24%         3    ###....
 Slow                     Hex            #.......     34%         2    ##.....
 Call Canine Familiar     Summ           #.......     38%         3    ###....
 Summon Guardian Golem    Hex/Summ       #.......     47%         3    ###....
 Summon Ice Beast         Ice/Summ       #.......     87%         4    ####...
 Agony                    Necr           ###.....     45%         5    ######.
 Fireball                 Conj/Fire      ###.......   58%         5    ######.


Dungeon Overview and Level Annotations

Branches:
Dungeon (13/15)            Temple (0/1) D:7            Lair (1/6) D:9
    Orc (2/2) D:9             Elf (0/3) Orc:2        Vaults (0/5) D:13

Altars:
Elyvilon
Kikubaaqudgha
Beogh

Shops:
D:10 }(   D:12 =!   Orc:1 *   Orc:2 **

Annotations:
D:12 1 runed translucent door, Rupert
Orc:2 Saint Roka


Innate Abilities, Weirdness & Mutations

You are resistant to damage.
You can heal yourself by infusing magical energy.
You passively map the area around you.
You do not regenerate.
You are agile. (Dex +2)
Your muscles are strong. (Str +2)


Message History

Rupert seems to return to his normal shape.
Rupert hits you with a +1 great mace of protection!
* * * LOW HITPOINT WARNING * * *
Okay, then.
You hit Rupert but do no damage.
Rupert is heavily wounded.
Rupert hits you with a +1 great mace of protection!!
* * * LOW HITPOINT WARNING * * *
You are too berserk!
You are too berserk!
Your +1 war axe of electrocution stops crackling.
You feel a sense of dread.
U - a +1 vampiric battleaxe (weapon)
You slice Rupert!!
Rupert is severely wounded.
Rupert barely misses you.
You completely miss Rupert.
Rupert is severely wounded.
Rupert hits you with a +1 great mace of protection!
You die...

...#.......#..........((.........
...+.......#.....................
...#.......#....<(..(..(........#
...+.......#....(..........@....#
...#########........######+##+#.#
................[...#, , , #.#
.......######.......#, , , #.#
.......# #...@...#, , ,#..
.......# #...@...# , , #..
.......# #.......# , , #..
.......# #.......###########..
.......# #.###'#..............
.......######.'...#..............
######........#...#>.............
#....#........#...#..........)...
#....#........#...#..............
#....#######..#...#..#######.....


You could see Rupert (berserk).

Vanquished Creatures
  An orc warlord (D:9)
  A hydra (D:13)
  Harold (D:8)
  2 dancing weapons (D:13)
  6 death yaks
  2 tengu warriors (D:12)
  7 two-headed ogres
  Sonja (D:10)
  Pikel (D:9)
  3 orc knights (Orc:2)
  4 orc sorcerers (Orc:2)
  2 ugly things
  A cyclops (D:11)
  A manticore (D:12)
  2 centaur zombies
  Joseph (D:8)
  2 centaur skeletons (D:11)
  2 komodo dragons
  5 trolls
  Grinder (D:3)
  A hornet (D:11)
  5 hippogriffs
  3 slime creatures (D:11)
  2 wyverns
  Sigmund (D:2)
  A spriggan (D:7)
  26 yaks
  2 hungry ghosts
  7 wargs
  Menkaure (D:4)
  2 porcupines (Lair:1)
  Duvessa (D:4)
  2 black bears
  2 slaves (D:9)
  42 orc warriors
  2 eyes of draining
  A phantom (D:4)
  4 sky beasts
  2 ice beasts (D:6)
  14 ogres
  The ghost of StormphoenixUK the Conjurer, an amateur DrCj of Ashenzari (D:3)
  9 centaurs
  A crocodile (D:12)
  A big kobold (D:10)
  7 bullfrogs
  Dowan (D:4)
  A wyvern zombie (D:12)
  A scorpion (D:9)
  20 killer bees
  5 wights (D:13)
  8 electric eels
  2 howler monkeys (D:11)
  3 bullfrog zombies
  4 crimson imps
  A quasit (D:7)
  2 bullfrog skeletons
  5 hounds
  27 orc priests
  21 orc wizards
  3 gnoll shamans (D:10)
  Terence (D:1)
  4 iguanas
  4 worker ants
  A hound zombie (D:8)
  A howler monkey zombie (D:8)
  2 worker ant zombies
  Robin (D:2)
  14 gnolls
  15 adders
  A shadow imp (D:3)
  An ufetubus (Abyss:1)
  An ooze (D:3)
  2 adder skeletons (D:5)
  3 worms
  A dart slug (D:2)
  9 leopard geckos
  112 orcs
  A ball python (D:4)
  6 bats
  7 giant cockroaches
  6 hobgoblins
  16 jackals
  13 kobolds
  6 quokkas
  4 frilled lizards
  22 goblins
  A quokka skeleton (D:7)
  A quokka zombie (D:5)
  7 rats
  A plant (D:10)
554 creatures vanquished.

Vanquished Creatures (others)
  An ettin (Orc:1)
  2 slaves (D:9)
  3 electric eels
  4 orcs (D:9)
  A fire vortex (D:6)
  6 fungi
  3 plants
  2 starspawn tentacles (Abyss:1)
22 creatures vanquished.

Grand Total: 576 creatures vanquished

Notes
Turn   | Place    | Note
-------+----------+-------------------------------------------
     0 | Abyss:1  | Esekla the Deep Dwarf Abyssal Knight began the quest for
                  | the Orb.
     0 | Abyss:1  | Reached XP level 1. HP: 20/20 MP: 2/2
   153 | Abyss:1  | Found a corrupted altar of Lugonu.
   158 | Abyss:1  | Noticed an ancient zyme
   163 | Abyss:1  | Noticed a rust devil
   170 | Abyss:1  | Found a hazy altar of Hepliaklqana.
   190 | Abyss:1  | Noticed a large abomination
   191 | Abyss:1  | Noticed a tentacled starspawn
   196 | Abyss:1  | Noticed a raiju
   227 | D:1      | Escaped the Abyss
   268 | D:1      | Reached XP level 2. HP: 24/27 MP: 4/4
   300 | D:1      | Reached * piety under Lugonu
   534 | D:1      | Reached XP level 3. HP: 33/34 MP: 5/5
  1136 | D:2      | Reached skill level 1 in Spellcasting
  1208 | D:3      | Reached XP level 4. HP: 26/42 MP: 5/5
  1280 | D:3      | Found a runed translucent gate.
  1280 | D:3      | Identified the +8 chain mail of Failure {rElec}
  1281 | D:3      | Found a runed translucent gate.
  1282 | D:3      | Found a runed translucent gate.
  1284 | D:3      | Found a roughly hewn altar of Beogh.
  1285 | D:3      | Noticed StormphoenixUK's ghost (amateur DrCj)
  1440 | D:3      | Reached XP level 5. HP: 20/49 MP: 5/5
  1635 | D:2      | Reached ** piety under Lugonu
  2280 | D:2      | Noticed Terence
  2280 | D:2      | Noticed Robin
  2358 | D:1      | Killed Terence
  2358 | D:1      | Reached skill level 1 in Short Blades
  2454 | D:1      | Gained mutation: You are agile. (Dex +2) [potion of
                  | mutation]
  2454 | D:1      | Gained mutation: Your muscles are strong. (Str +2) [potion
                  | of mutation]
  2486 | D:2      | Killed Robin
  2573 | D:2      | Noticed Sigmund
  2762 | D:2      | Killed Sigmund
  2762 | D:2      | Reached XP level 6. HP: 55/57 MP: 6/6
  2880 | D:2      | You fall into a shaft and drop 1 floor!
  3482 | D:4      | Noticed Menkaure
  3644 | D:4      | Noticed Grinder
  3647 | D:4      | Noticed Duvessa
  3656 | D:4      | Paralysed by Grinder for 6 turns
  3657 | D:4      | Noticed Dowan
  3687 | D:3      | Paralysed by Grinder for 5 turns
  3795 | D:4      | Reached XP level 7. HP: 40/64 MP: 6/6
  3838 | D:4      | Reached skill level 1 in Axes
  4155 | D:3      | Paralysed by Grinder for 3 turns
  4161 | D:3      | Killed Grinder
  4161 | D:3      | Reached skill level 1 in Shields
  4413 | D:5      | Entered Level 5 of the Dungeon
  4786 | D:5      | Reached *** piety under Lugonu
  5297 | D:5      | Found an ancient bone altar of Kikubaaqudgha.
  5543 | D:6      | Reached XP level 8. HP: 55/73 MP: 7/7
  5892 | D:6      | You fall into a shaft and drop 2 floors!
  5913 | D:8      | Reached skill level 5 in Short Blades
  5953 | D:8      | Noticed a hippogriff
  5968 | D:8      | Killed a hippogriff
  5968 | D:8      | Reached skill level 1 in Throwing
  6405 | D:7      | Gained mutation: You passively map the area around you.
                  | [Deep Dwarf growth]
  6405 | D:7      | Reached XP level 9. HP: 54/79 MP: 8/8
  6495 | D:7      | Reached **** piety under Lugonu
  6545 | D:7      | Learned a level 3 spell: Mephitic Cloud
  6549 | D:7      | Learned a level 3 spell: Conjure Flame
  6553 | D:7      | Learned a level 3 spell: Vampiric Draining
  6579 | D:6      | Learned a level 2 spell: Blink
  6788 | D:6      | Reached skill level 5 in Armour
  7734 | D:4      | Killed Duvessa
  7741 | D:4      | Killed Dowan
  7757 | D:4      | Killed Menkaure
  8060 | D:7      | Reached skill level 1 in Stealth
  8115 | D:7      | Found a staircase to the Ecumenical Temple.
  8210 | D:7      | Reached skill level 5 in Axes
  8210 | D:7      | Reached skill level 1 in Necromancy
  8238 | D:7      | Reached skill level 1 in Conjurations
  8798 | D:8      | Noticed Harold
  8871 | D:8      | Killed Harold
  8871 | D:8      | Reached skill level 5 in Fighting
  8871 | D:8      | Reached skill level 1 in Translocations
  8871 | D:8      | Reached skill level 1 in Fire Magic
  8871 | D:8      | Reached skill level 1 in Air Magic
  8871 | D:8      | Reached skill level 1 in Poison Magic
  8897 | D:8      | Noticed a two-headed ogre
  8913 | D:8      | Killed a two-headed ogre
  8913 | D:8      | Reached XP level 10. HP: 46/88 MP: 10/10
  9760 | D:3      | Killed StormphoenixUK's ghost
 10031 | D:9      | Noticed a two-headed ogre
 10103 | D:9      | Killed a two-headed ogre
 10238 | D:9      | Found a staircase to the Orcish Mines.
 10239 | D:9      | Noticed Pikel
 10442 | D:9      | Noticed a death yak
 10447 | D:9      | Noticed a death yak
 10497 | D:9      | Noticed Joseph
 10517 | D:8      | Killed Joseph
 10583 | D:9      | Noticed a death yak
 10583 | D:9      | Noticed a death yak
 10584 | D:9      | Noticed a death yak
 10584 | D:9      | Noticed a death yak
 10584 | D:9      | Noticed a death yak
 10619 | D:8      | Killed a death yak
 10619 | D:8      | Reached ***** piety under Lugonu
 10619 | D:8      | Reached XP level 11. HP: 35/96 MP: 8/10
 10860 | D:9      | Killed Pikel
 11181 | D:9      | Found a staircase to the Lair.
 11506 | D:9      | Noticed a death yak
 11925 | Lair:1   | Entered Level 1 of the Lair of Beasts
 12164 | Lair:1   | Noticed a seven-headed hydra
 12225 | D:10     | Entered Level 10 of the Dungeon
 12244 | D:10     | Found Routos's Gadget Emporium.
 12872 | D:10     | Learned a level 4 spell: Sticky Flame
 12953 | D:10     | Noticed Sonja
 12965 | D:10     | Cast into level 2 of the Abyss (Sonja)
 12986 | Abyss:2  | Noticed an ophan
 13041 | D:10     | Escaped the Abyss
 13308 | D:10     | Found Ovuvorh Heom's Weapon Shop.
 13404 | D:10     | Killed Sonja
 14392 | D:11     | Noticed a six-headed hydra
 14614 | D:9      | Killed a death yak
 14614 | D:9      | Reached XP level 12. HP: 71/105 MP: 10/10
 14664 | D:9      | Killed a death yak
 14674 | D:9      | Killed a death yak
 14855 | D:9      | Killed a death yak
 14855 | D:9      | Reached skill level 5 in Necromancy
 14867 | D:9      | Killed a death yak
 15013 | Orc:1    | Entered Level 1 of the Orcish Mines
 15030 | Orc:1    | Noticed an orc warlord
 15071 | Orc:1    | Noticed an ettin
 15093 | D:9      | Reached ****** piety under Lugonu
 15100 | D:9      | Identified a +3 battleaxe of distortion (a +1 battleaxe of
                  | freezing corrupted by Lugonu)
 15100 | D:9      | Received a gift from Lugonu
 15128 | Orc:1    | Banished an ettin
 15440 | Orc:2    | Entered Level 2 of the Orcish Mines
 15589 | Orc:2    | Noticed a two-headed ogre
 15604 | Orc:2    | Killed a two-headed ogre
 15604 | Orc:2    | Reached skill level 5 in Dodging
 15795 | Orc:2    | Noticed a two-headed ogre
 15822 | Orc:2    | Killed a two-headed ogre
 15905 | Orc:2    | Noticed a two-headed ogre
 15933 | Orc:2    | Killed a two-headed ogre
 15933 | Orc:2    | Reached skill level 5 in Translocations
 16343 | Orc:2    | Found Cihes's General Store.
 16353 | Orc:2    | Found a roughly hewn altar of Beogh.
 16430 | Orc:2    | Found Vuxor's Assorted Antiques.
 16581 | Orc:2    | Bought a potion of heal wounds for 60 gold pieces
 16815 | Orc:2    | Noticed a two-headed ogre
 16841 | Orc:2    | Killed a two-headed ogre
 16902 | Orc:2    | Found a staircase to the Elven Halls.
 16983 | Orc:2    | Reached XP level 13. HP: 111/111 MP: 10/10
 17329 | Orc:2    | Noticed Saint Roka
 17401 | Orc:1    | Found Zyckoruw's Assorted Antiques.
 17467 | Orc:2    | Reached skill level 5 in Spellcasting
 17523 | Orc:2    | Bought a scroll of identify for 62 gold pieces
 17671 | Orc:1    | Bought a scroll labeled BOOPOU JIMYFA for 30 gold pieces
 17774 | Orc:1    | Identified the amulet of Fatigue {Harm *Drain MR++ Str-4}
                  | (You acquired it on level 1 of the Orcish Mines)
 17801 | Orc:2    | Bought a ration for 60 gold pieces
 17956 | D:9      | Killed an orc warlord
 17956 | D:9      | Reached skill level 5 in Stealth
 17956 | D:9      | Reached skill level 5 in Conjurations
 18200 | D:11     | Learned a level 4 spell: Summon Lightning Spire
 18914 | D:11     | Got a heavily runed diamond amulet
 18915 | D:11     | Identified the amulet "Toaproext" {+Rage +Fly Str+4} (You
                  | found it on level 11 of the Dungeon)
 19232 | D:12     | Reached skill level 5 in Fire Magic
 19296 | D:12     | Reached skill level 1 in Summonings
 19322 | D:12     | Found Ulipneij's Distillery.
 19330 | D:12     | Bought a potion of curing for 33 gold pieces
 19330 | D:12     | Bought a potion of heal wounds for 55 gold pieces
 19330 | D:12     | Bought a potion of curing for 33 gold pieces
 19330 | D:12     | Bought a potion of curing for 33 gold pieces
 19382 | D:12     | Found a runed translucent door.
 19382 | D:12     | Found a white marble altar of Elyvilon.
 19382 | D:12     | Noticed an angel
 19394 | D:12     | Found Utratum's Jewellery Shoppe.
 19399 | D:12     | You fall into a shaft and drop 1 floor!
 19590 | D:13     | Found a gate to the Vaults.
 19834 | D:12     | Reached skill level 5 in Air Magic
 20160 | D:12     | Noticed Rupert
 20203 | D:12     | HP: 1/112 [Rupert/+1 great mace of protection (30)]
 20213 | D:12     | Paralysed by Rupert for 2 turns
 20409 | D:12     | Slain by Rupert

Levels and vault maps discovered:
D:1:      wander_arrival_estate, layout_basic
D:2:      minmay_evil_eye, layout_loops_corners, first_ration,
          minmay_heptomino_d4, uniq_robin, uniq_terence, uniq_sigmund
D:3:      layout_loops_ring, biasface_ghost_orc_armoury
D:4:      layout_rooms, hangedman_abyss_or_decor_lesser_grid, uniq_menkaure,
          uniq_duvessa, uniq_grinder
D:5:      layout_layer_cave, kiku_gazebo_garden_becter, serial_glass,
          glass_columns_b, glass_columns_a, glass_columns_b, glass_columns_a,
          glass_columns_a, glass_columns_a, glass_columns_b, glass_columns_b,
          due_unseen_surprise, item_on_display_a
D:6:      layout_loops_ring
D:7:      layout_gridville, temple_green, the_bakery
D:8:      layout_loops_corners, uniq_harold
D:9:      layout_layer_cave, dpeg_lair_monsters, erik_orc_2, serial_glass,
          glass_columns_a, glass_columns_b, glass_columns_a, glass_columns_a,
          glass_columns_b, glass_columns_a, glass_columns_a, glass_columns_c,
          uniq_joseph, uniq_pikel
D:10:     kennysheep_seaside_town, layout_basic, serial_shops,
          nicolae_shop_trees, shop, uniq_sonja
D:11:     layout_loops_cross
D:12:     layout_irregular_city, serial_shops, nicolae_shop_behind_doors,
          shop_fountains, lemuel_angel_altar, uniq_psyche, uniq_rupert
D:13:     layout_roguey, erik_vaults_1, kennysheep_windowed_goal
Lair:1:   layout_regular_city, beast_lair_carwin_1, grunt_megastairs_2,
          infiniplex_staircase_pool
Orc:1:    layout_caves, serial_shops, shop
Orc:2:    pubby_orc_utopia

Skill      XL: |  1  2  3  4  5  6  7  8  9 10 11 12 13 |
---------------+----------------------------------------+-----
Fighting       | 3 4 5 6 |  6.4
Polearms       | 2 3 |  3.1
Invocations    | 3 |  3.4
Spellcasting   | 1 2 3 4 5 |  5.7
Armour         | 3 4 5 6 |  6.3
Short Blades   | 2 3 4 6 7 8 9 |  9.0
Dodging        | 2 3 4 5 |  5.3
Axes           | 3 4 5 6 8 9 |  9.8
Shields        | 1 2 3 |  3.8
Throwing       | 1 2 |  2.8
Stealth        | 1 2 3 4 5 |  5.2
Necromancy     | 2 3 4 5 6 |  6.2
Conjurations   | 1 2 4 5 |  5.4
Translocations | 1 3 4 5 |  5.4
Fire Magic     | 1 2 3 4 5 |  5.1
Air Magic      | 1 2 3 4 5 |  5.0
Poison Magic   | 1 2 3 4 |  4.9
Summonings     | 1 |  1.3
Long Blades    | |  0.3
Evocations     | |  0.3

Action                   |  1- 3 |  4- 6 |  7- 9 | 10-12 | 13-15 || total
-------------------------+-------+-------+-------+-------+-------++-------
Melee: Spear             |   145 |    88 |       |       |       ||   233
       Short sword       |       |   204 |   521 |  1597 |     5 ||  2327
       Battleaxe         |       |    12 |    24 |   110 |   360 ||   506
       Dagger            |       |       |    17 |       |       ||    17
       War axe           |       |       |     9 |   134 |    76 ||   219
       Long sword        |       |       |       |       |    13 ||    13
Throw: Boomerang         |       |       |    14 |     8 |     2 ||    24
       Dart              |       |       |    31 |    74 |    25 ||   130
 Cast: Mephitic Cloud    |       |       |       |    80 |    35 ||   115
       Blink             |       |       |       |    28 |    24 ||    52
       Vampiric Draining |       |       |       |     5 |       ||     5
       Conjure Flame     |       |       |       |     3 |     5 ||     8
       Sticky Flame      |       |       |       |       |     2 ||     2
Invok: Depart the Abyss  |     1 |       |       |       |       ||     1
       Bend Space        |       |     2 |     3 |     5 |     1 ||    11
       Brand Weapon With |       |       |       |     1 |       ||     1
 Abil: Heal Wounds       |     4 |     5 |     2 |    23 |    13 ||    47
       Evoke Berserk Rag |       |       |       |       |     4 ||     4
Evoke: Wand              |       |     1 |       |       |     6 ||     7
       Lamp of fire      |       |       |       |       |     1 ||     1
  Use: Scroll            |       |     4 |    14 |     9 |     6 ||    33
       Potion            |       |     1 |     2 |    10 |     5 ||    18
 Stab: Confused          |       |       |       |    60 |    25 ||    85
       Sleeping          |       |       |       |     6 |     4 ||    10
       Distracted        |       |       |       |     1 |     1 ||     2
  Eat: Chunk             |       |    10 |    16 |    18 |    21 ||    65
       Ration            |       |       |     1 |     7 |     1 ||     9
Armor: Leather armour    |    31 |    26 |       |       |       ||    57
       Ring mail         |       |    73 |   146 |   460 |   191 ||   870
       Chain mail        |       |       |    56 |    57 |       ||   113
Dodge: Dodged            |    67 |   162 |   251 |   900 |   308 ||  1688
Block: Buckler           |       |    25 |    62 |   301 |       ||   388
       Rpst.: Long sword |       |       |       |       |     3 ||     3

Table legend:
 A = Non-vault XP
 B = Vault XP
 C = Vault XP percentage of total XP
 D = Non-vault monster count
 E = Vault monster count
 F = Vault count percentage of total count
                 A         B        C        D         E       F
            +---------+---------+-------+---------+---------+-------
      Total |   30745 |   26221 |  46.0 |     361 |     194 |  35.0
            +---------+---------+-------+---------+---------+-------
        D:1 |      45 |      41 |  47.7 |      19 |       4 |  17.4
        D:2 |      89 |     283 |  76.1 |      28 |      19 |  40.4
        D:3 |     163 |     410 |  71.6 |      20 |       9 |  31.0
        D:4 |     348 |     392 |  53.0 |      14 |       3 |  17.6
        D:5 |      21 |       0 |   0.0 |       8 |       0 |   0.0
        D:6 |    1089 |       0 |   0.0 |      31 |       0 |   0.0
        D:7 |     793 |     220 |  21.7 |      18 |       1 |   5.3
        D:8 |    2062 |    2275 |  52.5 |      19 |       3 |  13.6
        D:9 |    8494 |    5919 |  41.1 |      73 |      26 |  26.3
       D:10 |    1777 |    2286 |  56.3 |      24 |      24 |  50.0
       D:11 |    5280 |       0 |   0.0 |      31 |       0 |   0.0
       D:12 |    3686 |       0 |   0.0 |      20 |       0 |   0.0
       D:13 |    3175 |    1808 |  36.3 |      10 |       2 |  16.7
     Lair:1 |     875 |     440 |  33.5 |       6 |       2 |  25.0
      Orc:1 |    1759 |     735 |  29.5 |      22 |      12 |  35.3
      Orc:2 |    1081 |   11412 |  91.3 |      17 |      89 |  84.0
    Abyss:1 |       8 |       0 |   0.0 |       1 |       0 |   0.0
            +---------+---------+-------+---------+---------+-------
